 Dungeon Crawl Stone Soup version 0.29-a0-892-g2c4c91d9db (webtiles) character file.

Game seed: 11751912349295547437

186 spaghetti the Caller (level 5, -3/44 HPs)
             Began as a Naga Summoner on July 22, 2022.
             Was a Follower of Kikubaaqudgha.
             Slain by an adder (4 damage)
             ... on level 3 of the Dungeon.
             The game lasted 00:05:51 (3853 turns).

spaghetti the Caller (Naga Summoner)                Turns: 3853, Time: 00:05:52

Health: -3/44      AC:  2    Str: 11    XL:     5   Next: 65%
Magic:  3/9        EV: 10    Int: 17    God:    Kikubaaqudgha [*.....]
Gold:   104        SH:  0    Dex:  9    Spells: 3/9 levels left

rFire   + . .      SeeInvis +   (no weapon)
rCold   + . .      Faith    .   (no shield)
rNeg    . . .      Spirit   .   a - +0 robe
rPois   +          Reflect  .   (no helmet)
rElec   +          Harm     .   (no cloak)
rCorr   +          Rampage  .   (no gloves)
Will    .....                   (no barding)
Stlth   ++........              (no amulet)
HPRegen 0.14/turn               (no ring)
MPRegen 0.11/turn               (no ring)

@: brilliant, lethally poisoned (-3 -> -15), resistant, very slow
A: AC +1, large, see invisible, deformed body, poison resistance, slowness 2,
spit poison 1, naga tail 1, clumsy 1
a: Spit Poison, Renounce Religion, Unearth Wretches


You were on level 3 of the Dungeon.
You worshipped Kikubaaqudgha.
Kikubaaqudgha was aware of your devotion.
You visited 1 branch of the dungeon, and saw 3 of its levels.

You collected 104 gold pieces.


Innate Abilities, Weirdness & Mutations

Your serpentine skin is tough. (AC +1)
You have supernaturally acute eyesight. (SInv)
Armour fits poorly on your strangely shaped body.
Your system is resistant to poisons. (rPois)
You cover ground very slowly.
You can spit poison.
You have a snake-like lower body.
You are clumsy. (Dex -2)


   Skills:
 + Level 1.6 Fighting
 + Level 1.4 Armour
 + Level 2.3 Dodging
 + Level 4.4 Stealth
 + Level 2.6 Spellcasting
 + Level 4.4 Summonings
 + Level 1.2 Necromancy


You had 3 spell levels left.
You knew the following spells:

 Your Spells              Type           Power      Damage    Failure   Level
a - Summon Small Mammal   Summ           100%       N/A       3%          1
b - Call Imp              Summ           26%        N/A       4%          2
c - Call Canine Familiar  Summ           26%        N/A       9%          3

Your spell library contained the following spells:

 Spells                   Type           Power      Damage    Failure   Level
 Necrotise                Necr           36%        1d5       11%         1
 Summon Guardian Golem    Hex/Summ       14%        N/A       22%         3
 Vampiric Draining        Necr           9%         2d6       32%         3
 Summon Lightning Spire   Summ/Air       14%        N/A       58%         4
 Animate Dead             Necr           9%         N/A       73%         4
 Anguish                  Hex/Necr       3%         N/A       80%         4

Inventory:

Hand Weapons
 c - a +0 short sword {short}
   (You found it on level 1 of the Dungeon)
 d - a +0 club {mace}
   (You took it off a goblin on level 1 of the Dungeon)
 h - a +0 club {mace}
   (You took it off a goblin on level 1 of the Dungeon)
 i - a +0 short sword {short}
   (You took it off a kobold on level 1 of the Dungeon)
 k - a +0 club {mace}
   (You took it off a goblin on level 1 of the Dungeon)
 l - a +0 short sword {short}
   (You took it off a kobold on level 1 of the Dungeon)
 m - a +0 dagger {short}
   (You took it off a goblin on level 1 of the Dungeon)
 o - a +0 dagger {short}
   (You took it off a goblin on level 1 of the Dungeon)
 p - a +0 dagger {short}
   (You took it off a goblin on level 1 of the Dungeon)
 q - a +0 dagger {short}
   (You took it off a goblin on level 1 of the Dungeon)
 t - a +0 dagger {short}
   (You found it on level 1 of the Dungeon)
 v - a +0 trident {polearm}
   (You found it on level 2 of the Dungeon)
 w - a +0 club {mace}
   (You took it off a goblin on level 2 of the Dungeon)
 D - a +0 dagger {short}
   (You found it on level 2 of the Dungeon)
 F - a +0 whip {mace}
   (You found it on level 2 of the Dungeon)
 G - a +0 hand axe {axe}
   (You took it off Terence on level 2 of the Dungeon)
 H - a +0 dagger {short}
   (You took it off Ijyb on level 3 of the Dungeon)
Missiles
 j - 17 stones (quivered) {throwing}
Armour
 a - a +0 robe (worn)
 E - the +0 ring mail of Yrek {rElec rF+ Int-5 Dex+6}
   (You found it on level 2 of the Dungeon)

   Int:       It affects your intelligence (-5).
   Dex:       It affects your dexterity (+6).
   rF:        It protects you from fire.
   rElec:     It insulates you from electricity.
Scrolls
 e - a scroll of enchant weapon {unknown}
 f - a scroll of acquirement {unknown}
 g - a scroll of immolation {unknown}
 n - a scroll of enchant armour {unknown}
 r - 2 scrolls of amnesia {unknown}
 s - 3 scrolls of torment {unknown}
 y - a scroll of vulnerability {unknown}
 A - 2 scrolls of identify {unknown}
 C - a scroll of teleportation {unknown}
Potions
 b - a potion of magic
 u - a potion of lignification {!q}
 x - a potion of resistance
 z - 2 potions of mutation {!q}

Dungeon Overview and Level Annotations

Branches:
Dungeon (3/15) Zot: 13551

Altars:
Hepliaklqana
Kikubaaqudgha

........#
........#
#..5....#
#.......#
#.).....# #.
.######.h.....##
#.
........bS......
#.# ##ยง@g....#
#.#.#####.########
#.#.......#
#.#######.#######
#.#######........
#..[........#..#.
#..######........
#....# ##..#..#. #
##.#.####........


You could see an adder (ally target), a goblin (distracted, ally target), a
friendly hound (summoned), a friendly crimson imp (summoned) and a friendly bat
(summoned, poisoned).


Message History

You closely miss the adder. The adder bites you.
The adder barely misses you. ๐Ÿ˜ฎ HP[-2]
You take 2 damage, and now have 32/44 hp.
You miss the adder.
The adder barely misses you. ๐Ÿ˜ฎ HP[+1]
You miss the adder.
You kill the adder!
Kikubaaqudgha accepts your kill.
You have got your breath back.
You see here an adder corpse.
Key pressed, stopping explore.
H - a +0 dagger {short} You see here a +0 chain mail.
Key pressed, stopping explore.
An adder and a goblin come into view.
The goblin is wielding a +2 dagger of venom. ๐Ÿ˜Ž HP[+11]
Your hp is fully restored (44).
There are monsters nearby!
There are monsters nearby!
You hit the goblin.
The adder hisses angrily.
The goblin barely misses you.
You barely miss the goblin. The goblin barely misses you.
You closely miss the goblin.
The goblin hits you with a +2 dagger of venom.
You are poisoned. ๐Ÿ˜• HP[-4]
You take 4 damage, and now have 40/44 hp.
Unknown command.
Casting: Summon Small Mammal (safe; 3% risk of failure)
Confirm with . or Enter, or press ? or * to list all spells.
You feel very sick. The adder bites you.
The goblin hits you with a +2 dagger of venom.
You are more poisoned. ๐Ÿ˜• HP[-6] MP[-3]
You take 6 damage, and now have 34/44 hp.
You lost 3 mp, and now have 6/9 mp.
Casting: Call Canine Familiar (dangerous; 9% risk of failure)
Confirm with . or Enter, or press ? or * to list all spells.
A beastly little devil appears in a puff of flame.
You feel very sick. The adder bites you.
Your hound barely misses the adder.
The goblin hits you with a +2 dagger of venom. ๐Ÿ˜ฎ HP[-7] MP[-2]
You take 7 damage, and now have 27/44 hp.
You lost 2 mp, and now have 4/9 mp.
Unknown command.
Unknown command.
Casting: Call Imp (safe; 4% risk of failure)
Confirm with . or Enter, or press ? or * to list all spells.
You feel very sick. The adder barely misses you.
Your hound closely misses the adder.
The goblin hits you with a +2 dagger of venom.
* * * LOW HITPOINT WARNING * * *
The adder bites you.
* * * LOW HITPOINT WARNING * * *
Your hound closely misses the adder. ๐Ÿ˜จ HP[-9] MP[-1]
You take 9 damage, and now have 18/44 hp.
MASSIVE DAMAGE!! (PAUSE)
You lost 1 mp, and now have 3/9 mp.
Unknown command.
It was a potion of resistance.
You feel protected.
You feel sick.
Your bat misses the goblin. The adder bites you but does no damage.
Your hound closely misses the adder.
The goblin hits you with a +2 dagger of venom.
* * * LOW HITPOINT WARNING * * *
You are lethally poisoned!
Your bat closely misses the adder. ๐Ÿ˜จ HP[-6]
You take 6 damage, and now have 12/44 hp.
Unknown command.
Unknown command.
Unknown command.
Unknown command.
It was a potion of mutation.
You feel extremely strange.
You feel clumsy.
* * * LOW HITPOINT WARNING * * *
You feel very sick.
Your hound completely misses the adder.
The adder bites you.
* * * LOW HITPOINT WARNING * * *
The goblin misses you.
Your hound bites the adder.
Your bat hits the goblin.
Your crimson imp blinks! ๐Ÿ˜ฑ HP[-5]
You take 5 damage, and now have 7/44 hp.
It was a potion of brilliance.
You feel clever all of a sudden.
* * * LOW HITPOINT WARNING * * *
You feel very sick.
Your bat hits the goblin. The adder bites you.
* * * LOW HITPOINT WARNING * * *
Your bat barely misses the adder.
Your hound misses the adder.
The goblin hits your bat with a +2 dagger of venom.
Your bat is poisoned.
The adder bites you.
You die...
Kikubaaqudgha rasps: "You have failed me!
Welcome... death!"

Skill      XL: |  1  2  3  4  5 |
---------------+----------------+-----
Fighting       | 1 |  1.6
Armour         | 1 |  1.4
Dodging        | 2 |  2.3
Stealth        | 4 |  4.4
Necromancy     | 1 |  1.2
Spellcasting   | |  2.6
Summonings     | |  4.4

Action                   |  1- 3 |  4- 6 || total
-------------------------+-------+-------++-------
Melee: Unarmed           |    88 |    71 ||   159
       Punch             |     1 |       ||     1
Throw: Stone             |       |     7 ||     7
 Cast: Summon Small Mamm |    23 |     6 ||    29
       Call Imp          |     9 |     9 ||    18
       Call Canine Famil |     1 |    10 ||    11
 Abil: Spit Poison       |    17 |     7 ||    24
  Use: Potion            |     1 |     6 ||     7
 Stab: Sleeping          |     2 |     2 ||     4
Armor: Robe              |    20 |    18 ||    38
       Skin              |       |     4 ||     4
Dodge: Dodged            |    76 |    44 ||   120

Levels and vault maps discovered:
D:1:      saegor_arrival_fortress, layout_rooms, ebering_ecumenical_altar_webs,
          kennysheep_flooded_box
D:2:      layout_basic, basic_altar, minmay_unequal, uniq_terence
D:3:      layout_basic, lemuel_doored_altar, columned_hall_lemuel,
          hangedman_decor_opposing, uniq_jessica, uniq_grinder, uniq_ijyb

Notes
Turn   | Place    | Note
-------+----------+-------------------------------------------
     0 | D:1      | spaghetti the Naga Summoner began the quest for the Orb.
     0 | D:1      | Reached XP level 1. HP: 15/15 MP: 3/3
     0 | D:1      | magus.rc [v1.9.6]
   112 | D:1      | Found a faded altar of an unknown god.
   229 | D:1      | Reached XP level 2. HP: 14/22 MP: 1/5
   361 | D:1      | Learned a level 2 spell: Call Imp
   889 | D:1      | HP: 6/24 [ball python (3)]
  1202 | D:1      | Reached XP level 3. HP: 27/30 MP: 6/6
  1550 | D:1      | Prayed at the altar of an unknown god.
  1550 | D:1      | Became a worshipper of Kikubaaqudgha
  1550 | D:1      | Reached * piety under Kikubaaqudgha
  1550 | D:1      | You add the spells Necrotise, Vampiric Draining, Anguish
                  | and Animate Dead to your library.
  1550 | D:1      | Received a gift from Kikubaaqudgha
  1679 | D:2      | Learned a level 3 spell: Call Canine Familiar
  1912 | D:2      | Found a hazy altar of Hepliaklqana.
  1928 | D:2      | Reached skill level 1 in Fighting
  1928 | D:2      | HP: 7/31 [hound (1)]
  1930 | D:2      | Reached skill level 1 in Armour
  1930 | D:2      | Reached skill level 2 in Dodging
  1930 | D:2      | Reached XP level 4. HP: 6/38 MP: 3/7
  1932 | D:2      | HP: 2/38 [hound (4)]
  2158 | D:2      | Reached skill level 4 in Stealth
  2401 | D:2      | Reached XP level 5. HP: 39/44 MP: 2/8
  3102 | D:2      | Identified the +0 ring mail of Yrek {rElec rF+ Int-5 Dex+6}
  3207 | D:2      | Noticed Terence
  3435 | D:2      | Killed Terence
  3436 | D:2      | Reached skill level 1 in Necromancy
  3579 | D:3      | Noticed Ijyb
  3619 | D:3      | Killed Ijyb
  3852 | D:3      | Gained mutation: You are clumsy. (Dex -2) [potion of
                  | mutation]
  3852 | D:3      | HP: 8/44 [poisoned by a goblin]
  3853 | D:3      | HP: 1/44 [adder (3)]
  3853 | D:3      | Slain by an adder

Vanquished Creatures
  Ijyb (D:3)
  3 adders
  3 dart slugs (D:1)
  6 ball pythons
  A bat (D:1)
  An endoplasm (D:2)
  A giant cockroach (D:1)
  5 goblins
  A hobgoblin (D:1)
  2 quokkas (D:2)
  3 rats
27 creatures vanquished.

Vanquished Creatures (collateral kills)
  A hound (D:2)
  Terence (D:2)
  3 adders (D:2)
  A dart slug (D:1)
  A bat (D:2)
  An endoplasm (D:2)
  3 goblins (D:1)
  4 frilled lizards
  2 kobolds (D:1)
  2 rats
19 creatures vanquished.

Grand Total: 46 creatures vanquished

Table legend:
 A = Non-vault XP
 B = Vault XP
 C = Vault XP percentage of total XP
 D = Non-vault monster count
 E = Vault monster count
 F = Vault count percentage of total count
                 A         B        C        D         E       F
            +---------+---------+-------+---------+---------+-------
      Total |     170 |      96 |  36.1 |      40 |       6 |  13.0
            +---------+---------+-------+---------+---------+-------
        D:1 |      50 |       0 |   0.0 |      26 |       0 |   0.0
        D:2 |     106 |      57 |  35.0 |      13 |       5 |  27.8
        D:3 |      14 |      39 |  73.6 |       1 |       1 |  50.0
            +---------+---------+-------+---------+---------+-------

Illustrated notes

Table legend:
 A = Kills in this place as a percentage of kills in entire the game.
 B = Kills by you in this place as a percentage of kills by you in the entire game.
 C = Kills by friends in this place as a percentage of kills by friends in the entire game.
 D = Other kills in this place as a percentage of other kills in the entire game.
 E = Experience gained in this place as a percentage of experience gained in the entire game.
 F = Experience gained in this place divided by the number of levels of this place that you have seen.
                   A       B       C       D       E      F
               +-------+-------+-------+-------+-------+----------------------
         Total | 100.0 | 100.0 | 100.0 |   N/A | 100.0 |  88.7
       Dungeon | 100.0 | 100.0 | 100.0 |   N/A | 100.0 |  88.7
               +-------+-------+-------+-------+-------+----------------------

Table legend: (Time is in decaauts)
 A = Elapsed time spent in this place.
 B = Non-inter-level travel time spent in this place.
 C = Inter-level travel time spent in this place.
 D = Time resting spent in this place.
 E = Time spent auto-exploring this place.
 F = Levels seen in this place.
 G = Mean time per level.
                   A        B        C        D        E       F      G
               +--------+--------+--------+--------+--------+-----+--------+
         Total |   4447 |   4313 |    134 |    106 |   3651 |   3 | 1482.3 |
       Dungeon |   4447 |   4313 |    134 |    106 |   3651 |   3 | 1482.3 |
               +--------+--------+--------+--------+--------+-----+--------+

Top non-repeatable levels by time:
     D:2: 2275 daAuts
     D:1: 1859 daAuts
     D:3: 312 daAuts
